[Event "9th RTU Rapid 2019"]
[Site "Riga"]
[Date "2019.08.04"]
[Round "1.1"]
[White "Maklakova, Nellija"]
[Black "Svane, Rasmus"]
[Result "0-1"]
[WhiteElo "1877"]
[BlackElo "2612"]
[PlyCount "54"]
[EventDate "2019.08.05"]
[EventType "swiss"]
[EventCountry "LAT"]
[TimeControl "5400+30"]
[WhiteClock "0:04:15"]
[BlackClock "0:04:06"]

1. c4 Nf6 2. d4 e6 3. Nf3 d5 4. e3 a6 5. cxd5 exd5 6. Bd3 Bd6 7. O-O O-O 8. Ne5 c5 9. f4 Nc6 10. Nc3 cxd4 11. exd4 Qb6 12. Nxc6 bxc6 13. Bb1 Re8 14. f5 a5 15. Kh1 Ba6 16. Bd3 Qxd4 17. Bxa6 Qh4 18. g3 Bxg3 19. Qc2 Rxa6 20. Rg1 Ng4 21. Rxg3 Re1+ 22. Rg1 Nf2+ 23. Kg2 Qg4+ 24. Kxf2 Qxg1+ 25. Kf3 Rf1+ 26. Ke2 Rf2+ 27. Kd3 Rf3+ 0-1

[Event "9th RTU Rapid 2019"]
[Site "Riga"]
[Date "2019.08.04"]
[Round "1.2"]
[White "Pultinevicius, Paulius"]
[Black "Strade, Arita"]
[Result "1-0"]
[WhiteElo "2501"]
[BlackElo "1882"]
[PlyCount "81"]
[EventDate "2019.08.05"]
[EventType "swiss"]
[EventCountry "LAT"]
[TimeControl "5400+30"]
[WhiteClock "0:04:55"]
[BlackClock "0:09:55"]

1. d4 e6 2. c4 Nf6 3. g3 Be7 4. Bg2 O-O 5. e4 d5 6. e5 Nfd7 7. cxd5 exd5 8. Nc3 Bb4 9. Nge2 c5 10. Bxd5 Nb6 11. Bg2 cxd4 12. Qxd4 Qe7 13. Bf4 Rd8 14. Qe4 Nc6 15. O-O g5 16. Be3 Qxe5 17. Qxe5 Nxe5 18. Bxg5 Rd3 19. Nf4 Rd4 20. Ncd5 Nxd5 21. Nxd5 Be6 22. Nxb4 Rxb4 23. b3 Kg7 24. Bd2 Rb6 25. Be3 Rb5 26. Rfc1 Bd5 27. Bxd5 Rxd5 28. Rc7 b6 29. Rac1 Nd3 30. R1c4 Ne5 31. Rc3 Nf3+ 32. Kg2 Ne1+ 33. Kf1 Nd3 34. Ke2 Nb4 35. R3c4 Na6 36. Rg4+ Kf6 37. Rf4+ Ke6 38. Rcxf7 Rc8 39. R4f6+ Ke5 40. f4+ Ke4 41. Re6+ 1-0

[Event "9th RTU Rapid 2019"]
[Site "Riga"]
[Date "2019.08.04"]
[Round "1.3"]
[White "Jeet, Jain"]
[Black "Nevednichy, Vladislav"]
[Result "1-0"]
[WhiteElo "1828"]
[BlackElo "2495"]
[PlyCount "89"]
[EventDate "2019.08.05"]
[EventType "swiss"]
[EventCountry "LAT"]
[TimeControl "5400+30"]
[WhiteClock "0:00:26"]
[BlackClock "0:02:15"]

1. e4 c5 2. Nf3 d6 3. Bb5+ Nd7 4. c3 Ngf6 5. Qe2 a6 6. Ba4 e5 7. O-O Be7 8. d4 b5 9. Bc2 O-O 10. Rd1 Qc7 11. a4 Rb8 12. dxe5 dxe5 13. c4 b4 14. Nbd2 Re8 15. Nf1 b3 16. Bd3 Nf8 17. Ne3 Ne6 18. Nd5 Qd6 19. g3 Nd7 20. Bd2 Nd4 21. Nxd4 cxd4 22. f4 Bb7 23. Rf1 Bf8 24. Rf3 Bxd5 25. cxd5 Qb6 26. Kg2 Bd6 27. Bxa6 exf4 28. gxf4 Nc5 29. Bd3 Nxe4 30. Bb5 Re7 31. Qd3 Nxd2 32. Qxd2 Qc5 33. Rd1 Re4 34. Rc1 Qb4 35. Qxb4 Bxb4 36. Rxb3 Bd2 37. Ra1 Rxf4 38. a5 Be3 39. a6 d3 40. Rxd3 Rxb5 41. Rxe3 g5 42. a7 Rxb2+ 43. Kg1 Kg7 44. a8=Q Rff2 45. d6 1-0

[Event "9th RTU Rapid 2019"]
[Site "Riga"]
[Date "2019.08.04"]
[Round "1.4"]
[White "Wagner, Dennis"]
[Black "Blinovs, Artjoms"]
[Result "1-0"]
[WhiteElo "2473"]
[BlackElo "1803"]
[PlyCount "63"]
[EventDate "2019.08.05"]
[EventType "swiss"]
[EventCountry "LAT"]
[TimeControl "5400+30"]
[WhiteClock "0:00:46"]
[BlackClock "0:07:07"]

1. d4 d5 2. c4 e6 3. Nc3 Be7 4. cxd5 exd5 5. Bf4 c6 6. e3 Bf5 7. g4 Bg6 8. Nf3 Nf6 9. Ne5 Nbd7 10. h4 h5 11. g5 Ne4 12. Nxg6 fxg6 13. Nxe4 dxe4 14. Bg2 Bb4+ 15. Kf1 Qe7 16. Qc2 Nf8 17. Bxe4 Qe6 18. a3 Ba5 19. b4 Bb6 20. b5 Rc8 21. bxc6 bxc6 22. Rc1 c5 23. d5 Qf7 24. Rh3 c4 25. Rf3 Qb7 26. Be5 c3 27. Bxg6+ Kd8 28. Rf7 Qa6+ 29. Bd3 Qxa3 30. Bxg7 Rg8 31. Bb5 Qd6 32. Bf6+ 1-0

[Event "9th RTU Rapid 2019"]
[Site "Riga"]
[Date "2019.08.04"]
[Round "1.5"]
[White "Kirsanova, July"]
[Black "Kantans, Toms"]
[Result "0-1"]
[WhiteElo "1745"]
[BlackElo "2471"]
[PlyCount "48"]
[EventDate "2019.08.05"]
[EventType "swiss"]
[EventCountry "LAT"]
[TimeControl "5400+30"]
[WhiteClock "0:05:30"]
[BlackClock "0:00:07"]

1. c4 e5 2. Nc3 Nc6 3. g3 Bc5 4. Bg2 d6 5. e3 a6 6. Nge2 Ba7 7. d4 h5 8. b3 h4 9. h3 hxg3 10. fxg3 Nge7 11. Nd5 Nf5 12. g4 Nh4 13. Be4 Ne7 14. Bb2 c6 15. Ndc3 f5 16. gxf5 Nexf5 17. Kd2 exd4 18. Nxd4 Bxd4 19. exd4 Qg5+ 20. Ke1 O-O 21. Bc1 Ng2+ 22. Ke2 Nfe3 23. Qd2 Qg3 24. Kd3 Nf4# 0-1

[Event "9th RTU Rapid 2019"]
[Site "Riga"]
[Date "2019.08.04"]
[Round "1.6"]
[White "Vishnu Prasanna. V"]
[Black "Breikss, Peteris"]
[Result "1-0"]
[WhiteElo "2465"]
[BlackElo "1789"]
[PlyCount "61"]
[EventDate "2019.08.05"]
[EventType "swiss"]
[EventCountry "LAT"]
[TimeControl "5400+30"]
[WhiteClock "0:02:32"]
[BlackClock "0:09:43"]

1. d4 c5 2. e3 cxd4 3. exd4 d5 4. Bd3 Nf6 5. c3 Bg4 6. Ne2 Nc6 7. O-O e6 8. Qe1 Bh5 9. Nf4 Bg6 10. Nxg6 hxg6 11. Nd2 Bd6 12. Nf3 Qc7 13. g3 Kf8 14. Kg2 e5 15. dxe5 Bxe5 16. Qd1 Qd7 17. h4 Bc7 18. Ng5 Ng4 19. Be2 Nce5 20. Bf4 Nf6 21. Qb3 Qc6 22. Rfe1 Nc4 23. Bxc7 Qxc7 24. Bf3 Rd8 25. Rad1 a6 26. Qb4+ Kg8 27. Re7 Rd7 28. Rxd7 Qxd7 29. Bxd5 Rxh4 30. Bxf7+ Qxf7 31. Rd8+ 1-0

[Event "9th RTU Rapid 2019"]
[Site "Riga"]
[Date "2019.08.04"]
[Round "1.7"]
[White "Mulevicius, Andrius"]
[Black "Krivonosov, Oleg"]
[Result "0-1"]
[WhiteElo "1808"]
[BlackElo "2445"]
[PlyCount "36"]
[EventDate "2019.08.05"]
[EventType "swiss"]
[EventCountry "LAT"]
[TimeControl "5400+30"]
[WhiteClock "0:08:02"]
[BlackClock "0:00:16"]

1. e4 e5 2. Nf3 Nc6 3. d4 exd4 4. Nxd4 Bc5 5. c3 Qf6 6. Be3 Nge7 7. Na3 Bxa3 8. bxa3 O-O 9. Qd2 d5 10. Nxc6 Qxc6 11. e5 Bf5 12. f3 Ng6 13. Bd4 Rae8 14. f4 f6 15. Be2 fxe5 16. Be3 exf4 17. Bxf4 Nxf4 18. Qxf4 Qxc3+ 0-1

[Event "9th RTU Rapid 2019"]
[Site "Riga"]
[Date "2019.08.04"]
[Round "1.8"]
[White "Saduakassova, Dinara"]
[Black "Rakshitta Ravi"]
[Result "1-0"]
[WhiteElo "2437"]
[BlackElo "2112"]
[PlyCount "79"]
[EventDate "2019.08.05"]
[EventType "swiss"]
[EventCountry "LAT"]
[TimeControl "5400+30"]
[WhiteClock "0:00:13"]
[BlackClock "0:05:08"]

1. d4 Nf6 2. c4 g6 3. g3 Bg7 4. Bg2 O-O 5. Nc3 d6 6. Nf3 c6 7. O-O Qa5 8. e4 e5 9. h3 Nbd7 10. Be3 Re8 11. d5 cxd5 12. cxd5 b5 13. Nd2 Ba6 14. a3 Rec8 15. Re1 Qd8 16. Bf1 Nc5 17. Bxc5 Rxc5 18. Nb3 Rcc8 19. a4 Qb6 20. axb5 Bb7 21. Na5 Nd7 22. Nc6 Re8 23. Na4 Qc7 24. Rc1 Bxc6 25. dxc6 Nb6 26. Nc3 Red8 27. Nd5 Nxd5 28. Qxd5 Rab8 29. Ra1 Rb6 30. Ra3 Bf8 31. Rea1 Ra8 32. Bc4 Kg7 33. Kg2 Rbb8 34. Ra6 Rb6 35. Rxb6 Qxb6 36. Ra6 Qd4 37. Qxd4 exd4 38. b6 d5 39. b7 Re8 40. c7 1-0

[Event "9th RTU Rapid 2019"]
[Site "Riga"]
[Date "2019.08.04"]
[Round "1.9"]
[White "Diciunas, Valdas"]
[Black "Omelja, Artem"]
[Result "0-1"]
[WhiteElo "1765"]
[BlackElo "2436"]
[PlyCount "60"]
[EventDate "2019.08.05"]
[EventType "swiss"]
[EventCountry "LAT"]
[TimeControl "5400+30"]
[WhiteClock "0:11:23"]
[BlackClock "0:00:45"]

1. e4 e6 2. Qe2 c5 3. g3 Nc6 4. c3 Nf6 5. Bg2 d5 6. d3 Be7 7. f4 b5 8. a3 a5 9. Nh3 Ba6 10. e5 Nd7 11. Bd2 b4 12. Nf2 Nb6 13. a4 c4 14. d4 Nxd4 15. cxd4 c3 16. Qd1 cxd2+ 17. Nxd2 Rc8 18. Bf1 Nc4 19. Nxc4 dxc4 20. Ne4 O-O 21. Rc1 Qb6 22. Kf2 Rfd8 23. Ke3 Rc7 24. Rc2 Rcd7 25. Rd2 c3 26. bxc3 bxc3 27. Qg4 cxd2 28. Nf6+ Bxf6 29. exf6 Qxd4+ 30. Kf3 Bb7+ 0-1

[Event "9th RTU Rapid 2019"]
[Site "Riga"]
[Date "2019.08.04"]
[Round "1.10"]
[White "Bulmaga, Irina"]
[Black "Mamalis, Prokopios"]
[Result "1-0"]
[WhiteElo "2434"]
[BlackElo "1902"]
[PlyCount "47"]
[EventDate "2019.08.05"]
[EventType "swiss"]
[EventCountry "LAT"]
[TimeControl "5400+30"]
[WhiteClock "0:00:08"]
[BlackClock "0:13:17"]

1. e4 e6 2. d4 d5 3. Nc3 dxe4 4. Nxe4 Bd7 5. Nf3 Bc6 6. Bd3 Nd7 7. Qe2 Ngf6 8. Neg5 Bxf3 9. Nxf3 Bd6 10. Bg5 c6 11. c3 h6 12. Bh4 Qc7 13. O-O O-O 14. Rfe1 c5 15. Ne5 cxd4 16. cxd4 Bxe5 17. dxe5 Nd5 18. Rac1 Qb6 19. Rc4 Rac8 20. Rg4 Nb4 21. Bb1 Nc5 22. Rxg7+ Kxg7 23. Qg4+ Kh8 24. Bf6# 1-0

[Event "9th RTU Rapid 2019"]
[Site "Riga"]
[Date "2019.08.04"]
[Round "1.11"]
[White "Vingris, Mikelis"]
[Black "Gagare, Shardul"]
[Result "0-1"]
[WhiteElo "1438"]
[BlackElo "2430"]
[PlyCount "122"]
[EventDate "2019.08.05"]
[EventType "swiss"]
[EventCountry "LAT"]
[TimeControl "5400+30"]
[WhiteClock "0:00:17"]
[BlackClock "0:00:10"]

1. d4 Nf6 2. c4 e6 3. Nc3 Bb4 4. Nf3 O-O 5. Bg5 h6 6. Bxf6 Qxf6 7. e3 c5 8. Bd3 Nc6 9. O-O cxd4 10. exd4 Bxc3 11. bxc3 d5 12. Re1 dxc4 13. Bxc4 Rd8 14. Qe2 b6 15. Ne5 Nxe5 16. Qxe5 Qxe5 17. Rxe5 Bb7 18. Bb3 Rac8 19. Re3 Bd5 20. Rc1 Bxb3 21. axb3 Rxd4 22. Ra1 Rd2 23. g3 a5 24. Kf1 Rcd8 25. Ra4 Rb2 26. b4 axb4 27. Rxb4 Rd1+ 28. Kg2 Rxb4 29. cxb4 Rd4 30. Rb3 b5 31. Kf3 f5 32. Ke3 Rc4 33. Kf3 Kf7 34. Ke3 g5 35. h3 h5 36. Kf3 h4 37. Kg2 Kf6 38. Kf3 hxg3 39. Kxg3 Ke5 40. Kf3 Kd4 41. Kg2 Kd5 42. Rb2 Rd4 43. Rb1 Kc4 44. Re1 Re4 45. Rb1 Kc3 46. f3 Re2+ 47. Kg3 f4+ 48. Kg4 Rg2+ 49. Kh5 e5 50. Re1 Kd4 51. Re4+ Kd5 52. Re1 Rg3 53. Rf1 Kc4 54. Re1 Kd4 55. Rd1+ Kc4 56. Re1 Rxh3+ 57. Kxg5 Rxf3 58. Rxe5 Kxb4 59. Kg4 Rf2 60. Re8 Kb3 61. Rb8 b4 0-1

[Event "9th RTU Rapid 2019"]
[Site "Riga"]
[Date "2019.08.04"]
[Round "1.12"]
[White "Kopylov, Michael"]
[Black "Rychagov, Nikita"]
[Result "1-0"]
[WhiteElo "2414"]
[BlackElo "1596"]
[PlyCount "49"]
[EventDate "2019.08.05"]
[EventType "swiss"]
[EventCountry "LAT"]
[TimeControl "5400+30"]
[WhiteClock "0:10:21"]
[BlackClock "0:09:16"]

1. d4 d5 2. c4 e6 3. Nf3 Nf6 4. g3 dxc4 5. Bg2 c5 6. O-O Nc6 7. Ne5 Qc7 8. Nxc6 bxc6 9. Bf4 Bd6 10. Bxd6 Qxd6 11. dxc5 Qxc5 12. Qa4 O-O 13. Na3 Rb8 14. Qxc4 Qxc4 15. Nxc4 Ba6 16. b3 Nd5 17. Rfc1 Rfc8 18. Ne5 Bxe2 19. Nxc6 Kf8 20. Nxb8 Rxb8 21. Rc5 Rb5 22. Rxb5 Bxb5 23. Rc1 Ke7 24. Bxd5 exd5 25. Rc5 1-0

[Event "9th RTU Rapid 2019"]
[Site "Riga"]
[Date "2019.08.04"]
[Round "1.13"]
[White "Lelis, Janis"]
[Black "Korchmar, Vasiliy"]
[Result "0-1"]
[WhiteElo "1882"]
[BlackElo "2413"]
[PlyCount "77"]
[EventDate "2019.08.05"]
[EventType "swiss"]
[EventCountry "LAT"]
[TimeControl "5400+30"]
[WhiteClock "0:05:58"]
[BlackClock "0:06:32"]

1. d4 Nf6 2. c4 g6 3. Nc3 d5 4. Bf4 Bg7 5. e3 O-O 6. Nf3 c5 7. cxd5 Nxd5 8. Nxd5 Qxd5 9. Qb3 Qxb3 10. axb3 cxd4 11. exd4 Nc6 12. Be3 Nb4 13. Ra4 Nc2+ 14. Kd2 Nxe3 15. fxe3 Bd7 16. Rc4 Bc6 17. Be2 Rfd8 18. Rc5 e6 19. Rhc1 Bf8 20. R5c2 Bb4+ 21. Kd1 a5 22. Bd3 Bd5 23. Bc4 Be4 24. Rf2 Bc6 25. Ne5 Be8 26. Rfc2 Bd6 27. Nf3 Bc6 28. Ke2 Kg7 29. h3 Bb4 30. Bd3 h6 31. g3 Bd6 32. g4 a4 33. bxa4 Rxa4 34. e4 Bf4 35. Rb1 Rda8 36. b3 Ra2 37. Rcb2 Rxb2+ 38. Rxb2 Ra1 39. Ne5 0-1

[Event "9th RTU Rapid 2019"]
[Site "Riga"]
[Date "2019.08.04"]
[Round "1.14"]
[White "Galchenko, Matvey"]
[Black "Vambute, Dana"]
[Result "1-0"]
[WhiteElo "2360"]
[BlackElo "1871"]
[PlyCount "67"]
[EventDate "2019.08.05"]
[EventType "swiss"]
[EventCountry "LAT"]
[TimeControl "5400+30"]
[WhiteClock "0:00:15"]
[BlackClock "0:04:14"]

1. e4 c5 2. a3 e6 3. b4 cxb4 4. axb4 Bxb4 5. Bb2 Nf6 6. e5 Nd5 7. c4 Ne7 8. Nc3 Nbc6 9. Ne4 O-O 10. Qh5 Ng6 11. Bd3 Qh4 12. Qxh4 Nxh4 13. g3 Nf5 14. c5 Ba5 15. g4 Nfe7 16. f4 Nd5 17. Ne2 b6 18. h4 Ncb4 19. Bb1 Ba6 20. f5 Nd3+ 21. Bxd3 Bxd3 22. Nf2 Nb4 23. Rc1 exf5 24. Rh3 fxg4 25. Rxd3 Nxd3+ 26. Nxd3 Rac8 27. Rc4 h5 28. Nef4 bxc5 29. Nxh5 Rfe8 30. Rxg4 Kf8 31. Kd1 Bb6 32. Nxg7 Red8 33. Nf5 c4 34. Ba3+ 1-0

[Event "9th RTU Rapid 2019"]
[Site "Riga"]
[Date "2019.08.04"]
[Round "1.15"]
[White "Rizihs, Valerijs"]
[Black "Suleymenov, Alisher"]
[Result "0-1"]
[WhiteElo "1757"]
[BlackElo "2348"]
[PlyCount "53"]
[EventDate "2019.08.05"]
[EventType "swiss"]
[EventCountry "LAT"]
[TimeControl "5400+30"]
[WhiteClock "0:02:58"]
[BlackClock "0:00:06"]

1. d4 Nf6 2. Nc3 d5 3. Bf4 e6 4. e3 Bb4 5. a3 Bxc3+ 6. bxc3 O-O 7. Bd3 c5 8. dxc5 Qa5 9. Be5 Nbd7 10. Bxf6 Nxf6 11. Ne2 e5 12. f3 Qxc5 13. Kf2 e4 14. h4 Re8 15. Nd4 exd3 16. Qxd3 Bd7 17. g4 Rac8 18. Rab1 b6 19. h5 h6 20. g5 hxg5 21. Rbg1 Qxc3 22. Qe2 g4 23. h6 g6 24. f4 Kh7 25. Rh4 Re7 26. Rg3 Ne4+ 27. Kg2 0-1

[Event "9th RTU Rapid 2019"]
[Site "Riga"]
[Date "2019.08.04"]
[Round "1.16"]
[White "Maltsevskaya, Aleksandra"]
[Black "Aizstrauts, Arturs"]
[Result "1-0"]
[WhiteElo "2321"]
[BlackElo "1847"]
[PlyCount "43"]
[EventDate "2019.08.05"]
[EventType "swiss"]
[EventCountry "LAT"]
[TimeControl "5400+30"]
[WhiteClock "0:05:45"]
[BlackClock "0:08:29"]

1. Nf3 Nf6 2. g3 b5 3. Bg2 Bb7 4. d3 d6 5. O-O Nbd7 6. e4 e6 7. a4 b4 8. Nbd2 Be7 9. a5 c5 10. Nc4 d5 11. exd5 Bxd5 12. Bf4 O-O 13. Re1 Nh5 14. Bd2 Qc7 15. Nfe5 Bxg2 16. Kxg2 Nhf6 17. Qf3 Nxe5 18. Rxe5 Rad8 19. Bf4 Bd6 20. Nxd6 Qxd6 21. Rg5 Qd4 22. Be5 1-0

[Event "9th RTU Rapid 2019"]
[Site "Riga"]
[Date "2019.08.04"]
[Round "1.18"]
[White "Miedema, David"]
[Black "Machevskis, Edmunds"]
[Result "1-0"]
[WhiteElo "2313"]
[BlackElo "1791"]
[PlyCount "79"]
[EventDate "2019.08.05"]
[EventType "swiss"]
[EventCountry "LAT"]
[TimeControl "5400+30"]
[WhiteClock "0:02:38"]
[BlackClock "0:08:10"]

1. e4 d5 2. exd5 Qxd5 3. Nc3 Qe5+ 4. Be2 c6 5. Nf3 Qc7 6. d4 e6 7. Bg5 Nd7 8. Qd2 Ngf6 9. Bf4 Bd6 10. Bxd6 Qxd6 11. O-O-O O-O 12. Rhg1 b5 13. g4 b4 14. Na4 Bb7 15. g5 Nd5 16. h4 Qf4 17. Nc5 Qxd2+ 18. Rxd2 Nxc5 19. dxc5 a5 20. Ne5 f6 21. gxf6 Rxf6 22. Bg4 Rd8 23. Nc4 a4 24. Re1 Ba6 25. Nb6 Kf7 26. Re4 Bf1 27. Nxd5 exd5 28. Rxb4 Bb5 29. b3 Ra8 30. Kb2 g6 31. h5 g5 32. f3 Rf4 33. Rxb5 cxb5 34. Rxd5 a3+ 35. Kc3 Re8 36. c6 b4+ 37. Kd3 Rxg4 38. fxg4 Ke6 39. Kc4 Rc8 40. Kc5 1-0

[Event "9th RTU Rapid 2019"]
[Site "Riga"]
[Date "2019.08.04"]
[Round "1.19"]
[White "Afanasjevs, Aleksandrs"]
[Black "Kiik, Kalle"]
[Result "0-1"]
[WhiteElo "1589"]
[BlackElo "2308"]
[PlyCount "82"]
[EventDate "2019.08.05"]
[EventType "swiss"]
[EventCountry "LAT"]
[TimeControl "5400+30"]
[WhiteClock "0:06:05"]
[BlackClock "0:01:08"]

1. d4 d5 2. e3 c5 3. Nf3 Nc6 4. Be2 Nf6 5. dxc5 e6 6. c4 Bxc5 7. O-O O-O 8. b3 d4 9. exd4 Nxd4 10. Bb2 Nxe2+ 11. Qxe2 b6 12. Nbd2 Bb7 13. a3 a5 14. Rfd1 Qe7 15. a4 Rad8 16. Nf1 Rxd1 17. Rxd1 Rd8 18. Rxd8+ Qxd8 19. Qd2 Qxd2 20. N1xd2 Ne4 21. Nxe4 Bxe4 22. Bc3 f6 23. Ne1 Kf7 24. Kf1 Bb1 25. Nf3 Bd3+ 26. Ke1 Ke7 27. Nd2 e5 28. f3 Bc2 29. h3 Ke6 30. g4 g6 31. Ke2 f5 32. Ke1 h5 33. gxh5 gxh5 34. Ke2 e4 35. fxe4 fxe4 36. Bg7 Kf5 37. h4 Bd3+ 38. Ke1 e3 39. Nf3 Bb4+ 40. Kd1 e2+ 41. Kc1 Kf4 0-1

[Event "9th RTU Rapid 2019"]
[Site "Riga"]
[Date "2019.08.04"]
[Round "1.20"]
[White "Lavendelis, Egons"]
[Black "Piksis, Davids"]
[Result "1-0"]
[WhiteElo "2292"]
[BlackElo "1675"]
[PlyCount "53"]
[EventDate "2019.08.05"]
[EventType "swiss"]
[EventCountry "LAT"]
[TimeControl "5400+30"]
[WhiteClock "0:00:15"]
[BlackClock "0:05:26"]

1. e4 c5 2. Nf3 e6 3. c3 Nc6 4. Bb5 g6 5. O-O Bg7 6. d4 cxd4 7. cxd4 d5 8. exd5 exd5 9. Bg5 Qd6 10. Qc2 Bf5 11. Re1+ Kf8 12. Qd2 Qb4 13. Qxb4+ Nxb4 14. Bf4 Bf6 15. Bd6+ Be7 16. Rxe7 Nxe7 17. Bxb4 a6 18. Ba4 Rc8 19. Nc3 Be4 20. Re1 f5 21. Ne5 f4 22. f3 Bf5 23. Nxd5 Kg7 24. Bxe7 b5 25. Bf6+ Kh6 26. Nf7+ Kh5 27. Nxf4# 1-0

[Event "9th RTU Rapid 2019"]
[Site "Riga"]
[Date "2019.08.04"]
[Round "1.21"]
[White "Liepins, Martins"]
[Black "Grinev, Valeriy"]
[Result "0-1"]
[WhiteElo "1889"]
[BlackElo "2287"]
[PlyCount "110"]
[EventDate "2019.08.05"]
[EventType "swiss"]
[EventCountry "LAT"]
[TimeControl "5400+30"]
[WhiteClock "0:04:25"]
[BlackClock "0:00:45"]

1. c4 g6 2. e4 Bg7 3. d4 c5 4. Nf3 cxd4 5. Nxd4 Nc6 6. Nb3 d6 7. Be2 Be6 8. O-O Rc8 9. f4 Nf6 10. Nc3 O-O 11. f5 Bd7 12. g4 Ne5 13. g5 Ne8 14. Nd5 e6 15. f6 exd5 16. fxg7 Nxg7 17. cxd5 Qb6+ 18. Qd4 Qxd4+ 19. Nxd4 a6 20. Bd2 Nc4 21. Bc3 Rfe8 22. Bxc4 Rxc4 23. Rae1 b5 24. a3 a5 25. Nc6 Bxc6 26. dxc6 b4 27. axb4 axb4 28. Bf6 Rxc6 29. e5 dxe5 30. Rxe5 Rxe5 31. Bxe5 Rc5 32. Bf6 Nh5 33. Ra1 Nxf6 34. gxf6 Rc8 35. Ra6 g5 36. Rb6 h6 37. b3 Rc1+ 38. Kf2 Rc2+ 39. Kg3 Rc3+ 40. Kg4 Rxb3 41. h4 gxh4 42. Kxh4 Kh7 43. Kh5 Rf3 44. Kg4 Rf1 45. Rxb4 Kg6 46. Rb8 h5+ 47. Kh4 Rf4+ 48. Kg3 Rg4+ 49. Kh3 Kxf6 50. Rh8 Rg5 51. Rh6+ Kf5 52. Rh7 f6 53. Rh6 Ke5 54. Kh4 Rg1 55. Rxh5+ f5 0-1

[Event "9th RTU Rapid 2019"]
[Site "Riga"]
[Date "2019.08.04"]
[Round "1.22"]
[White "Dubrovin, Robert"]
[Black "Vissarionovs, Artjoms"]
[Result "1-0"]
[WhiteElo "2282"]
[BlackElo "1653"]
[PlyCount "119"]
[EventDate "2019.08.05"]
[EventType "swiss"]
[EventCountry "LAT"]
[TimeControl "5400+30"]
[WhiteClock "0:00:28"]
[BlackClock "0:00:44"]

1. d4 Nf6 2. c4 e6 3. Nf3 c5 4. d5 b5 5. Bg5 Bb7 6. e4 Qa5+ 7. Bd2 Qb6 8. Nc3 b4 9. Na4 Qc7 10. e5 Nxd5 11. cxd5 Bxd5 12. Be3 Qa5 13. b3 Nc6 14. Rc1 Qc7 15. Nxc5 Bxc5 16. Rxc5 O-O 17. Bb5 Qb7 18. Bc4 Be4 19. Nd2 Bg6 20. O-O Ne7 21. Qf3 Qb8 22. Rb5 Qd8 23. Bc5 Re8 24. Bxe7 Qxe7 25. Ne4 Rab8 26. Nd6 Rf8 27. Rd1 Qg5 28. Qe3 Qe7 29. Rxb8 Rxb8 30. Qxa7 Rf8 31. Qd4 Qd8 32. h3 Qa5 33. Rd2 Qa3 34. Qb2 Qa7 35. Nb5 Qb7 36. Qd4 Qa8 37. f3 Qb7 38. Qxd7 Qb6+ 39. Qd4 Qb7 40. Kh2 Qe7 41. f4 Qh4 42. g3 Qe7 43. Qd6 Qb7 44. Bf1 Be4 45. Qxb4 Bf3 46. Qd6 Qe4 47. Bg2 Bxg2 48. Rxg2 Qf3 49. Nd4 Qe4 50. a4 h5 51. h4 Qd3 52. Nxe6 Qxd6 53. exd6 fxe6 54. a5 Rb8 55. a6 Ra8 56. Ra2 Kf8 57. a7 Ke8 58. Ra6 Kd7 59. Kg2 g6 60. Kf3 1-0

[Event "9th RTU Rapid 2019"]
[Site "Riga"]
[Date "2019.08.04"]
[Round "1.23"]
[White "Gukesh D"]
[Black "Mohammad Nubairshah Shaikh"]
[Result "1-0"]
[WhiteElo "1683"]
[BlackElo "2278"]
[PlyCount "53"]
[EventDate "2019.08.05"]
[EventType "swiss"]
[EventCountry "LAT"]
[TimeControl "5400+30"]
[WhiteClock "0:00:18"]
[BlackClock "0:02:23"]

1. c4 g6 2. Nc3 Bg7 3. d4 d6 4. e4 Nf6 5. h3 O-O 6. Be3 e5 7. d5 Na6 8. Nf3 Nc5 9. Nd2 a5 10. g4 c6 11. Be2 Bd7 12. g5 Ne8 13. h4 cxd5 14. cxd5 Rb8 15. a4 f5 16. h5 f4 17. Bxc5 dxc5 18. hxg6 hxg6 19. Bg4 Nd6 20. Qf3 b5 21. axb5 Nxb5 22. Nc4 Nd4 23. Qh3 Bxg4 24. Qh7+ Kf7 25. Nxe5+ Ke7 26. Qxg7+ Kd6 27. Nc4# 1-0

[Event "9th RTU Rapid 2019"]
[Site "Riga"]
[Date "2019.08.04"]
[Round "1.24"]
[White "Evchin, Maxim"]
[Black "Burenkovs, Artjoms"]
[Result "1-0"]
[WhiteElo "2269"]
[BlackElo "1588"]
[PlyCount "132"]
[EventDate "2019.08.05"]
[EventType "swiss"]
[EventCountry "LAT"]
[TimeControl "5400+30"]
[WhiteClock "0:03:17"]
[BlackClock "0:00:41"]

1. e4 c5 2. Nc3 e6 3. g3 a6 4. Bg2 Qc7 5. d3 Nf6 6. f4 d6 7. Nf3 Nc6 8. O-O Be7 9. h3 b5 10. g4 Bb7 11. a4 b4 12. Ne2 O-O-O 13. c3 d5 14. e5 Nd7 15. Be3 Kb8 16. cxb4 Nxb4 17. d4 c4 18. b3 a5 19. Nc3 Ba6 20. Nb5 Bxb5 21. axb5 cxb3 22. Qxb3 Qc2 23. Rfb1 Nb6 24. Bf2 Nc4 25. Bf1 Rc8 26. Ne1 Qxb3 27. Rxb3 Kb7 28. Nd3 Nd2 29. Rb2 Nxd3 30. Bxd3 Bb4 31. Rd1 Nc4 32. Rc2 Na3 33. Ra2 Kb6 34. Be1 Bxe1 35. Rxa3 Bb4 36. Ra2 g6 37. Kf2 Rc3 38. Ke3 Rhc8 39. Rf1 Rc1 40. Rxc1 Rxc1 41. f5 Re1+ 42. Kf2 Rh1 43. Bf1 Bc3 44. Kg2 Rxf1 45. Kxf1 Bxd4 46. fxe6 fxe6 47. Kg2 Kxb5 48. Kf3 Bxe5 49. Re2 Bc3 50. Rxe6 d4 51. Ke4 a4 52. Re8 Kc4 53. Rc8+ Kb3 54. Kd3 Kb2 55. Rb8+ Kc1 56. Ra8 h5 57. Rxa4 hxg4 58. hxg4 Kd1 59. Ra6 g5 60. Rg6 Bd2 61. Kxd4 Ke2 62. Ke4 Bf4 63. Kf5 Ke3 64. Rxg5 Bxg5 65. Kxg5 Ke4 66. Kf6 Kd5 1-0

[Event "9th RTU Rapid 2019"]
[Site "Riga"]
[Date "2019.08.04"]
[Round "1.25"]
[White "Ciekurs, Maris"]
[Black "Reizniece-Ozola, Dana"]
[Result "0-1"]
[WhiteElo "1648"]
[BlackElo "2261"]
[PlyCount "36"]
[EventDate "2019.08.05"]
[EventType "swiss"]
[EventCountry "LAT"]
[TimeControl "5400+30"]
[WhiteClock "0:09:55"]
[BlackClock "0:04:53"]

1. e4 g6 2. d4 Bg7 3. f4 d6 4. Nf3 a6 5. Nc3 b5 6. Bd3 Nd7 7. Qe2 c5 8. dxc5 Nxc5 9. O-O Bb7 10. e5 Nxd3 11. cxd3 Nh6 12. f5 Nxf5 13. e6 f6 14. Ng5 Qb6+ 15. Kh1 fxg5 16. Rxf5 gxf5 17. Qh5+ Kd8 18. Qf7 Qf2 0-1

[Event "9th RTU Rapid 2019"]
[Site "Riga"]
[Date "2019.08.04"]
[Round "1.26"]
[White "Kretainis, Kristaps"]
[Black "Ivanovskis, Sergejs"]
[Result "1-0"]
[WhiteElo "2252"]
[BlackElo "1734"]
[PlyCount "98"]
[EventDate "2019.08.05"]
[EventType "swiss"]
[EventCountry "LAT"]
[TimeControl "5400+30"]
[WhiteClock "0:13:04"]
[BlackClock "0:17:06"]

1. Nf3 d5 2. b3 Nc6 3. Bb2 Nf6 4. e3 Bg4 5. Bb5 e6 6. h3 Bxf3 7. Bxc6+ bxc6 8. Qxf3 Be7 9. d3 O-O 10. O-O c5 11. Nd2 c6 12. e4 d4 13. Nc4 a5 14. a4 Qc7 15. Bc1 e5 16. Qe2 Nd7 17. f4 f6 18. Qg4 exf4 19. Bxf4 Ne5 20. Bxe5 fxe5 21. Qe6+ Kh8 22. Qxe5 Qxe5 23. Nxe5 Bg5 24. Nxc6 Be3+ 25. Kh1 g6 26. Ne5 Kg7 27. Nc4 Ra6 28. Rxf8 Kxf8 29. Rf1+ Kg7 30. Rf3 h5 31. Nxe3 dxe3 32. Rxe3 Kf6 33. e5+ Ke6 34. g3 g5 35. Kg2 Ra7 36. Re4 Rf7 37. Rc4 Kd5 38. e6 Re7 39. Re4 Rxe6 40. Rxe6 Kxe6 41. Kf3 Ke5 42. Ke3 Kd5 43. c3 Ke5 44. d4+ Kd5 45. dxc5 Kxc5 46. Ke4 Kd6 47. Kf5 Kd5 48. Kxg5 Ke4 49. b4 Kd5 1-0